 Dungeon Crawl Stone Soup version 0.30.1-11-g7821555f0a (webtiles) character file.

Game seed: 8227774833478026334

9 comborobin the Sneak (level 2, 0/26 HPs)
             Began as a Hill Orc Delver on Dec 23, 2023.
             Slain by a jelly (2 damage)
             ... on level 4 of the Dungeon.
             The game lasted 00:00:28 (369 turns).

comborobin the Sneak (Hill Orc Delver)               Turns: 369, Time: 00:00:29

Health: 0/26       AC: -3    Str: 14    XL:     2   Next: 12%
Magic:  2/2        EV: 11    Int: 10    God:
Gold:   37         SH:  0    Dex: 12    Spells: 1/1 levels left

rFire   . . .        a - +0 hand axe
rCold   . . .        (no shield)
rNeg    . . .        b - +0 leather armour
rPois   .            i - +0 helmet
rElec   .            h - +0 cloak
rCorr   .            (no gloves)
SInv    .            (no boots)
Will    .....        (no amulet)
Stlth   ++           (no ring)
HPRegen 0.24/turn    (no ring)
MPRegen 0.08/turn

%: no passive effects
@: corroded
A: no striking features
a: no special abilities


You were on level 4 of the Dungeon.
You visited 1 branch of the dungeon, and saw 2 of its levels.

You collected 37 gold pieces.

Inventory:

Hand Weapons
 a - a +0 hand axe (weapon)
Armour
 b - a +0 leather armour (worn)
 h - a +0 cloak (worn)
 i - a +0 helmet (worn)
Wands
 g - a wand of digging (3)
Scrolls
 c - a scroll of fog
 e - a scroll of fear
Potions
 f - a potion of haste


   Skills:
 + Level 3.6 Fighting
 + Level 3.8 Axes
 - Level 1.5 Dodging
 - Level 4.1 Stealth


You had one spell level left.
You didn't know any spells.
Your spell library contained the following spells:

 Spells                   Type           Power      Damage    Failure   Level
 Lesser Beckoning         Tloc           0%         N/A       58%         2
 Gell's Gravitas          Tloc           0%         N/A       82%         3
 Inner Flame              Hex/Fire       0%         N/A       82%         3
 Portal Projectile        Hex/Tloc       0%         N/A       82%         3
 Teleport Other           Tloc           0%         N/A       82%         3
 Statue Form              Tmut/Erth      0%         N/A       100%        6
 Discord                  Hex            0%         N/A       100%        8


Dungeon Overview and Level Annotations

Branches:
Dungeon (5/15)
 Temple: D:4-7

Altars:

Annotations:
D:4 2 runed translucent doors, comborobin's ghost, weakling HODe


Message History

You hit the jackal.
You kill the jackal!
You closely miss the jackal. The jackal barely misses you.
You hit the endoplasm.
You kill the endoplasm!
You barely miss the jackal.
The jackal bites you but does no damage.
The jackal barely misses you.
You have reached level 2!
You hit the jackal but do no damage. The jackal closely misses you.
You hit the jackal.
The jackal is almost dead.
The jackal bites you but does no damage. x2
You closely miss the jackal.
The jackal is almost dead.
The jackal bites you. The jackal barely misses you.
You hit the jackal.
You kill the jackal!
No target in view!
No target in view!
No target in view!
No target in view!
A jelly comes into view.
A jelly is nearby!
Found a robe.
The jelly closely misses you.
You see here a jackal corpse.
You slash the jelly!
Your hands burn!
The jelly is moderately wounded.
The jelly closely misses you.
You hit the jelly. The acid corrodes you!
Your hands burn!
The jelly is severely wounded.
The jelly hits you. The acid corrodes you!
You are splashed with acid!
You hit the jelly but do no damage. The acid corrodes you!
Your hands burn!
The jelly is severely wounded.
The jelly hits you.
You are splashed with acid.
* * * LOW HITPOINT WARNING * * *
You barely miss the jelly.
The jelly is severely wounded.
The jelly hits you.
You die...

,,,,,,,,****##..####.## *,*
,,,,,,,,,**##....#..## *,**
,,,,,,,,,.,.........# **,,****
,,,,,,,,,......#...## **##.,,,,,,
,,,,,,,,,....**##...###....,,,,,,
,,,,,,,,,....** ##.....#****,,,,,
,,,,,,,,,.....**##....## **,,,,
,,,,,,,,,,*#...##.....#* ***,,
**,,,,*,,,**#..J@†.##..#* **,
**,,***,,,*##...<##*##.#* **
*,,****,,,*#....# *#.#* * *,,,*
**,,,#....#* *#.#* * **,,**
**,,......* *..** * **,,**
**..!....#** **,,* *
**,,***#.....#..,** **,,** **
**,,,*#..[.###..,***,,,,***,
**,,,,,,,,,***,,,,,,,,,,,,,


You could see a jelly.

Vanquished Creatures
  2 endoplasms (D:4)
  A giant cockroach (D:4)
  A hobgoblin (D:4)
  2 jackals (D:4)
  A kobold (D:4)
7 creatures vanquished.

Notes
Turn   | Place    | Note
-------+----------+-------------------------------------------
     0 | D:5      | comborobin the Hill Orc Delver began the quest for the Orb.
     0 | D:5      | Reached XP level 1. HP: 19/19 MP: 1/1
   259 | D:4      | Found a large runed translucent door.
   259 | D:4      | Found a large runed translucent door.
   261 | D:4      | Noticed comborobin's ghost (weakling HODe)
   282 | D:4      | Got the Secrets of Flinty Hexes
   360 | D:4      | Reached XP level 2. HP: 24/26 MP: 2/2
   369 | D:4      | Slain by a jelly

Illustrated notes

Levels and vault maps discovered:
D:4:      layout_layer_cave, ebering_ghost_disaster_area
D:5:      layout_rooms, zin_angel, xom_confusion_cloud, lemuel_crystal_altar

Skill      XL: |  1 |
---------------+----+-----
Axes           | 3 |  3.8
Fighting       | |  3.6
Dodging        | |  1.5
Stealth        | |  4.1

Action                     || total
---------------------------++-------
  Melee: Hand axe          ||    23
    Use: Scroll            ||     1
 Armour: Leather armour    ||    10
  Dodge: Dodged            ||    14
